 Dungeon Crawl Stone Soup version 0.22.0 (webtiles) character file.

562 inmateoo the Vexing (level 7, -4/52 HPs)
             Began as a Barachi Enchanter on Aug 11, 2018.
             Succumbed to an orc wizard's poison
             ... on level 4 of the Dungeon.
             The game lasted 00:08:23 (5157 turns).

inmateoo the Vexing (Barachi Enchanter)             Turns: 5157, Time: 00:08:24

Health: -4/52      AC:  3    Str:  9    XL:     7   Next: 31%
Magic:  2/11       EV: 13    Int: 18    God:
Gold:   116        SH:  0    Dex: 12    Spells: 3/12 levels left

rFire    . . .     SeeInvis .   e - +0 scythe
rCold    . . .     Gourm    .   (shield currently unavailable)
rNeg     . . .     Faith    .   b - +0 robe
rPois    .         Spirit   +   (no helmet)
rElec    .         Reflect  .   f - scarf {Spirit}
rCorr    .         Harm     .   c - +0 pair of gloves
MR       .....                  (no boots)
Stlth    ++........             (no amulet)
HPRegen  0.17/turn              i - ring of flight
MPRegen  0.12/turn              (no ring)

@: lethally poisoned (-4 -> -55), can't hop, very slightly contaminated, slow
A: +LOS, swims, slowness 1, strong legs 1
a: Hop, Evoke Flight


You were on level 4 of the Dungeon.
You were not hungry.

You visited 1 branch of the dungeon, and saw 4 of its levels.

You collected 116 gold pieces.

Inventory:

Hand Weapons
 a - a +1 dagger
 e - a +0 scythe (weapon)
Armour
 b - a +0 robe (worn)
 c - a +0 pair of gloves (worn)
 f - a scarf of spirit shield (worn)
Jewellery
 i - a ring of flight (left hand)
Scrolls
 j - a scroll of identify
 k - a scroll of remove curse
Potions
 l - a potion of cancellation
Comestibles
 d - 5 rations


   Skills:
 - Level 3.1 Fighting
 - Level 4.1 Short Blades
 + Level 3.4 Dodging
 - Level 2.6 Stealth
 - Level 3.0 Spellcasting
 * Level 6.3 Hexes


You had 3 spell levels left.
You knew the following spells:

 Your Spells              Type           Power        Failure   Level  Hunger
a - Corona                Hex            ####...      1%          1    None
b - Ensorcelled Hibernat  Hex/Ice        ##....       7%          2    ##.....
c - Confuse               Hex            ####....     3%          3    ###....
d - Dazzling Spray        Conj/Hex       ##....       13%         3    ###....

Your spell library contained the following spells:

 Spells                   Type           Power        Failure   Level  Hunger
 Tukima's Dance           Hex            ####....     3%          3    ###....


Dungeon Overview and Level Annotations

Branches:
Dungeon (4/15)
 Temple: D:4-7

Altars:
Fedhas
Wu Jian


Innate Abilities, Weirdness & Mutations

Shadows flee at your approach. (+LOS)
You can swim through water.
You cover ground slowly.
You can hop short distances.


Message History

The orc wizard hits you with a dagger of venom.
* * * LOW HITPOINT WARNING * * *
You are more poisoned.
The orc wizard hits you with a dagger of venom.
* * * LOW HITPOINT WARNING * * *
You are more poisoned.
You slash the orc wizard!
The orc wizard is severely wounded.
* * * LOW HITPOINT WARNING * * *
You feel extremely sick. The orc wizard completely misses you.
The orc wizard hits you with a dagger of venom.
* * * LOW HITPOINT WARNING * * *
You are more poisoned.
The orc wizard gestures at you while chanting.
The magic dart hits you!
* * * LOW HITPOINT WARNING * * *
You closely miss the orc wizard.
The orc wizard is severely wounded.
You die...

.. .. #. ... #. ...
#. ####'# #. ..#.#
#. #.#.# #.####
#.#.## #.@oo#
#....## #.##o#
#.....######
#.##.###...........
#..%o....#..#######
####.......>#
#######)## #)#
########.# ###
.........# #.)


You could see an orc wizard and 2 orcs.

Vanquished Creatures
  Sigmund (D:3)
  A phantom (D:4)
  A scorpion (D:3)
  A howler monkey (D:4)
  3 orc wizards (D:4)
  8 adders
  A worm (D:2)
  A dart slug (D:2)
  5 leopard geckos
  5 orcs
  2 ball pythons
  5 bats
  4 giant cockroaches
  4 goblins
  6 hobgoblins
  8 jackals
  10 kobolds
  2 quokkas (D:3)
  9 frilled lizards
  3 rats
80 creatures vanquished.

Notes
Turn   | Place    | Note
-------+----------+-------------------------------------------
     0 | D:1      | inmateoo the Barachi Enchanter began the quest for the Orb.
     0 | D:1      | Reached XP level 1. HP: 13/13 MP: 3/3
   281 | D:1      | Reached XP level 2. HP: 19/19 MP: 5/5
   559 | D:1      | Learned a level 2 spell: Ensorcelled Hibernation
  1776 | D:2      | Reached XP level 3. HP: 18/24 MP: 3/6
  2155 | D:2      | Reached XP level 4. HP: 22/30 MP: 4/7
  2893 | D:3      | Noticed Sigmund
  2910 | D:3      | Killed Sigmund
  2910 | D:3      | Reached skill level 5 in Hexes
  2910 | D:3      | Reached XP level 5. HP: 26/39 MP: 2/8
  2910 | D:3      | Reached XP level 6. HP: 31/46 MP: 2/9
  3291 | D:3      | Learned a level 3 spell: Confuse
  3324 | D:3      | Learned a level 3 spell: Dazzling Spray
  3387 | D:3      | Found an ornate altar of the Wu Jian Council.
  3979 | D:3      | HP: 2/47 [hobgoblin/club (5)]
  4417 | D:3      | Found a blossoming altar of Fedhas.
  4755 | D:4      | Noticed a phantom
  4793 | D:4      | Killed a phantom
  4793 | D:4      | Reached XP level 7. HP: 52/52 MP: 4/11
  4931 | D:4      | Reached skill level 6 in Hexes
  5157 | D:4      | Succumbed to an orc wizard's poison

Skill      XL: |  1  2  3  4  5  6  7 |
---------------+----------------------+-----
Short Blades   | 2 3 4 |  4.1
Fighting       | 2 3 |  3.1
Hexes          | 5 6 |  6.3
Dodging        | 3 |  3.4
Spellcasting   | 3 |  3.0
Stealth        | |  2.6

Action                   |  1- 3 |  4- 6 |  7- 9 || total
-------------------------+-------+-------+-------++-------
Melee: Dagger            |   139 |   203 |    65 ||   407
       Unarmed           |       |    11 |       ||    11
       Scythe            |       |       |     4 ||     4
 Cast: Corona            |     5 |       |       ||     5
       Ensorcelled Hiber |     3 |    16 |     3 ||    22
       Dazzling Spray    |       |     6 |     2 ||     8
       Confuse           |       |     5 |       ||     5
 Abil: Hop               |       |     1 |     1 ||     2
  Use: Scroll            |     6 |     1 |     1 ||     8
       Potion            |       |     3 |     1 ||     4
 Stab: Sleeping          |     7 |     9 |     2 ||    18
       Confused          |       |     3 |       ||     3
       Invisible         |       |     2 |       ||     2
  Eat: Chunk             |     1 |    11 |     2 ||    14
       Ration            |     1 |       |       ||     1
Armor: Robe              |    35 |    53 |     5 ||    93
       Skin              |       |    23 |       ||    23
Dodge: Dodged            |   100 |   111 |    36 ||   247
